 Dungeon Crawl Stone Soup version 0.29.1-1-gd02db6906a (webtiles) character file.

Game seed: 3350308782371821012

6 croobank the Caller (level 1, 0/7 HPs)
             Began as a Felid Summoner on Oct 22, 2022.
             Slain by a quokka (3 damage)
             ... on level 1 of the Dungeon.
             The game lasted 00:01:36 (408 turns).

croobank the Caller (Felid Summoner)                 Turns: 408, Time: 00:01:36

Health: 0/7        AC:  1    Str:  4    XL:     1   Next: 75%
Magic:  4/4        EV: 17    Int: 16    God:
Gold:   17         SH:  0    Dex: 16    Spells: 3/4 levels left
                                        Lives:  0   Deaths: 0

rFire   . . .      SeeInvis +   (weapon unavailable)
rCold   . . .      Faith    .   (shield unavailable)
rNeg    . . .      Spirit   .   (body armour unavailable)
rPois   .          Reflect  .   (helmet unavailable)
rElec   .          Harm     .   (cloak unavailable)
rCorr   .          Rampage  .   (gloves unavailable)
Will    .....                   (boots unavailable)
Stlth   ++........              (no amulet)
HPRegen 0.02/turn               (no ring)
MPRegen 0.09/turn               (no ring)

@: quick
A: very small, claws 1, fangs 3, see invisible, speed 1, shaggy fur 1, stealthy
paws, no weapons or thrown items, no armour, multi-lived
a: no special abilities


You were on level 1 of the Dungeon.
You visited 1 branch of the dungeon, and saw 1 of its levels.

You collected 17 gold pieces.

Inventory:

Jewellery
 d - an amulet of guardian spirit
Scrolls
 b - a scroll of fog {unknown}
 c - a scroll of brand weapon {unknown}
Potions
 a - a potion of magic


   Skills:
 + Level 2.9 Dodging
 + Level 2.9 Stealth
 + Level 2.1 Spellcasting
 + Level 4.0 Summonings


You had 3 spell levels left.
You knew the following spells:

 Your Spells              Type           Power      Damage    Failure   Level
a - Summon Small Mammal   Summ           56%        N/A       3%          1

Your spell library contained the following spells:

 Spells                   Type           Power      Damage    Failure   Level
 Call Imp                 Summ           14%        N/A       6%          2
 Call Canine Familiar     Summ           14%        N/A       12%         3
 Summon Guardian Golem    Hex/Summ       8%         N/A       26%         3
 Summon Lightning Spire   Summ/Air       8%         N/A       65%         4


Dungeon Overview and Level Annotations

Branches:
Dungeon (1/15)

Altars:


Innate Abilities, Weirdness & Mutations

You have sharp claws.
You have razor-sharp teeth.
You have supernaturally acute eyesight. (SInv)
You cover ground quickly. (Speed+)
You are covered in fur. (AC +1)
Your paws help you pounce on unaware monsters.
You are incapable of wielding weapons or throwing items.
You cannot wear armour.
You gain extra lives every three experience levels.


Message History

Your bat hits the endoplasm.
Casting: Summon Small Mammal (safe; 4% risk of failure)
Confirm with . or Enter, or press ? or * to list all spells.
Your bat hits the endoplasm. x2; The endoplasm hits your bat.
Your bat dies!
Your bat's corpse disappears in a puff of smoke!
The endoplasm quivers.
Your magical contamination has completely faded away.
You swap places.
Your bat hits the endoplasm.
The endoplasm dies!
Your bat disappears in a puff of smoke!
An endoplasm comes into view.
Casting: Summon Small Mammal (safe; 3% risk of failure)
Confirm with . or Enter, or press ? or * to list all spells.
Casting: Summon Small Mammal (safe; 3% risk of failure)
Confirm with . or Enter, or press ? or * to list all spells.
Your bat hits the endoplasm. Your bat hits the endoplasm.
The endoplasm freezes your bat.
Your bat is frozen.
Your bat dies!
Your bat's corpse disappears in a puff of smoke!
You swap places.
Your quokka barely misses the endoplasm.
Your quokka barely misses the endoplasm.
The endoplasm closely misses your quokka.
Your quokka bites the endoplasm.
The endoplasm hits your quokka.
Your quokka bites the endoplasm.
The endoplasm dies!
A quokka comes into view.
Your quokka disappears in a puff of smoke!
You barely miss the quokka. The quokka closely misses you.
You scratch the quokka but do no damage.
The quokka closely misses you.
You scratch the quokka but do no damage.
The quokka bites you.
Ouch! That really hurt!
The quokka bites you but does no damage.
You barely miss the quokka. Your bite misses the quokka. The quokka bites you.
You die...

.....# .. .. .#...#
. .. ..J.# .#. #
...# ....# ..#
##.#.# #.# ....
#.####.#####r#
#...........@#
######.#####......#
#......# #.####.#
.#####.##.#.# #.#
..........#.# #.#
######....#.# #.#
##.####.# #.#
#...###.# #..
#.......#


You could see a quokka.

Vanquished Creatures (collateral kills)
  3 endoplasms (D:1)
  A goblin (D:1)
  A bat (D:1)
5 creatures vanquished.

Notes
Turn   | Place    | Note
-------+----------+-------------------------------------------
     0 | D:1      | croobank the Felid Summoner began the quest for the Orb.
     0 | D:1      | Reached XP level 1. HP: 7/7 MP: 4/4
   408 | D:1      | Slain by a quokka

Illustrated notes

Levels and vault maps discovered:
D:1:      eino_arrival_water_cross, layout_loops_cross

Action                   || total
-------------------------++-------
Melee: Unarmed           ||     7
 Cast: Summon Small Mamm ||    10
Armor: Skin              ||     2
Dodge: Dodged            ||     3
